Map: [ESL] Cosmic Sapphire

Players

Serral - Winner!

  • Race: Zerg Zerg
  • League: Grandmaster
  • Spawn Location: 11:00

Reynor

  • Race: Zerg Zerg
  • Spawn Location: 5:00

Event: TSL 9

VOD

Have the link to the VOD?

Description

Time

  • Played on: Sept. 3, 2022, 6:30 a.m.
  • Length: 10:56

All games in this series

Show
View Real Time Build Order
Export as new Build Order

Serral Zerg - Winner!

Build Orders: Hatch First, Roach Nydus 

Get SALT Encoding   

  12  0:00  Drone  
  13  0:12  Overlord  
  13  0:17  Drone  
  14  0:30  Drone x2  
  16  0:48  Hatchery  
  15  0:51  Drone  
  15  0:54  Drone  
  17  0:57  Drone  
  18  1:08  Extractor  
  17  1:13  Spawning Pool  
  17  1:16  Drone  
  17  1:19  Drone  
  18  1:27  Drone  
  19  1:38  Drone  
  20  1:56  Drone  
  20  1:59  Queen x2  
  20  2:00  Zergling x2  
  20  2:01  Overlord  
  26  2:08  Metabolic Boost  
  26  2:10  Drone  
  26  2:11  Drone  
  28  2:21  Zergling x2  
  28  2:22  Drone  
  30  2:31  Drone  
  30  2:32  Drone  
  32  2:37  Hatchery  
  32  2:42  Drone  
  32  2:48  Baneling Nest  
  32  2:50  Overlord  
  31  2:54  Drone  
  31  2:55  Drone  
  33  3:01  Queen  
  33  3:04  Drone  
  36  3:09  Zergling x4  
  36  3:12  Drone x2  
  40  3:17  Overlord  
  40  3:19  Drone  
  41  3:21  Zergling x2  
  41  3:24  Drone  
  43  3:30  Drone  
  44  3:35  Evolution Chamber  
  44  3:38  Drone x2  
  44  3:41  Drone x4  
  48  3:43  Drone  
  48  3:47  Drone x2  
  52  3:52  Lair  
  52  3:54  Extractor  
  51  3:57  Overlord  
  51  4:01  Zerg Missile Weapons Level 1  
  51  4:05  Roach Warren  
  51  4:06  Drone  
  51  4:08  Drone  
  52  4:10  Drone  
  52  4:13  Drone x2  
  52  4:16  Drone x2  
  57  4:21  Extractor, Overlord  
  57  4:22  Drone x2  
  58  4:26  Drone  
  58  4:27  Drone x2  
  58  4:31  Overlord  
  61  4:32  Drone  
  61  4:33  Drone  
  63  4:44  Baneling, Drone, Extractor  
  63  4:45  Extractor  
  62  4:48  Drone x2  
  62  4:49  Glial Reconstitution, Drone  
  64  4:55  Roach  
  64  4:56  Roach x4  
  64  4:57  Overlord  
  74  5:03  Roach  
  74  5:04  Roach x2  
  74  5:05  Roach  
  80  5:10  Roach  
  80  5:14  Overlord  
  82  5:19  Overlord x2  
  82  5:21  Ravager  
  83  5:22  Roach  
  83  5:23  Roach x2  
  83  5:27  Nydus Network  
  88  5:28  Roach  
  88  5:34  Roach x2  
  92  5:36  Roach x2  
  92  5:38  Roach  
  92  5:39  Roach  
  92  5:41  Overlord  
  100  5:43  Roach  
  100  5:47  Roach x2  
  106  5:51  Roach x2  
  106  5:54  Roach  
  106  5:56  Roach  
  113  6:00  Roach  
  113  6:01  Roach x2  
  119  6:05  Nydus Canal  
  119  6:06  Roach  
  119  6:11  Overlord x2  
  121  6:15  Overlord  
  120  6:20  Nydus Canal  
  119  6:27  Roach x2  
  119  6:28  Roach  
  119  6:29  Roach x2  
  119  6:30  Roach  
  119  6:31  Roach  
  119  6:32  Roach  
  122  6:37  Roach x2  
  122  6:39  Nydus Canal  
  114  6:41  Roach x2  
  114  6:44  Roach  
  114  6:46  Roach  
  122  6:48  Roach  
  122  6:51  Roach  
  122  6:55  Roach x2  
  122  6:56  Roach  
  122  7:00  Nydus Canal  
  122  7:01  Drone  
  115  7:02  Roach  
  115  7:05  Roach x2  
  115  7:07  Drone  
  118  7:11  Roach x2  
  118  7:14  Roach  
  118  7:15  Roach  
  122  7:17  Roach  
  122  7:18  Roach  
  122  7:21  Roach  
  114  7:23  Roach  
  114  7:25  Roach  
  114  7:27  Roach  
  102  7:35  Roach  
  102  7:36  Roach x2  
  104  7:39  Nydus Canal  
  104  7:40  Roach  
  104  7:41  Roach x2  
  104  7:42  Overlord  
  108  7:45  Roach x2  
  108  7:50  Roach  
  108  7:51  Roach x2  
  118  7:52  Roach  
  118  7:54  Roach  
  122  8:06  Nydus Canal  
  122  8:08  Drone x4  
  122  8:10  Roach  
  128  8:13  Hatchery  
  128  8:14  Drone x2  
  128  8:15  Drone  
  128  8:18  Zerg Missile Weapons Level 2  
  128  8:23  Roach x2  
  136  8:27  Roach x2  
  136  8:33  Extractor  
  137  8:34  Roach x2  
  137  8:38  Overlord  
  139  8:44  Roach x3  
  139  8:48  Overlord x3  
  145  8:53  Pneumatized Carapace  
  145  8:54  Overlord  
  145  8:59  Overseer  
  145  9:01  Drone x2  
  147  9:07  Roach x6  
  147  9:09  Ravager  
  161  9:10  Ravager  
  161  9:11  Ravager  
  161  9:15  Overlord x2  
  161  9:16  Roach  
  164  9:17  Roach  
  164  9:19  Ravager  
  167  9:27  Roach x5  
  167  9:30  Overlord  
  177  9:36  Tunneling Claws, Burrow  
  177  9:44  Roach x5  
  187  9:51  Roach x4  
  195  9:57  Drone x2  
  197  10:01  Nydus Canal  
  197  10:04  Roach x2  
  199  10:10  Roach x2  
  199  10:17  Spire, Overlord  
  199  10:20  Roach  
  200  10:30  Roach  
  200  10:33  Roach  
  198  10:35  Roach  
  198  10:36  Roach  
  200  10:50  Nydus Canal  
Show
View Real Time Build Order
Export as new Build Order

Reynor Zerg 

Build Orders: Hatch First 

Get SALT Encoding   

  12  0:00  Drone  
  13  0:12  Overlord  
  13  0:16  Drone  
  14  0:30  Drone x2  
  16  0:46  Hatchery  
  15  0:50  Drone  
  15  0:54  Drone  
  17  0:57  Drone  
  18  1:07  Extractor  
  17  1:12  Spawning Pool  
  17  1:15  Drone  
  17  1:18  Drone  
  18  1:27  Drone  
  19  1:39  Drone  
  20  1:49  Drone  
  21  1:58  Queen x2  
  21  1:59  Overlord  
  21  2:00  Zergling x2  
  26  2:08  Metabolic Boost  
  26  2:09  Drone  
  26  2:10  Drone  
  28  2:20  Drone  
  28  2:21  Drone  
  30  2:32  Hatchery  
  30  2:35  Drone  
  30  2:37  Zergling x2  
  30  2:41  Drone  
  30  2:43  Drone  
  33  2:47  Baneling Nest  
  32  2:52  Overlord  
  32  2:54  Drone  
  33  3:03  Drone  
  33  3:04  Drone  
  35  3:07  Drone  
  35  3:10  Drone  
  35  3:11  Zergling x4  
  39  3:14  Overlord  
  39  3:17  Drone x2  
  41  3:21  Evolution Chamber  
  41  3:25  Queen  
  42  3:27  Drone  
  42  3:28  Drone  
  42  3:33  Drone  
  45  3:39  Drone x3  
  47  3:42  Drone x3  
  47  3:46  Drone  
  47  3:48  Zerg Missile Weapons Level 1  
  51  3:52  Overlord  
  51  3:54  Drone x2  
  53  3:56  Drone  
  53  3:59  Drone  
  53  4:01  Drone  
  56  4:05  Drone  
  56  4:07  Overlord  
  57  4:13  Drone x3, Roach Warren  
  57  4:17  Lair  
  59  4:18  Extractor  
  59  4:19  Drone  
  59  4:20  Extractor  
  59  4:21  Zergling x2  
  59  4:23  Overlord  
  59  4:25  Drone  
  59  4:27  Drone  
  59  4:28  Drone  
  62  4:34  Drone  
  62  4:35  Drone  
  62  4:36  Drone, Overlord  
  62  4:38  Drone  
  66  4:40  Drone  
  66  4:41  Drone x2  
  66  4:43  Drone  
  70  4:46  Drone  
  70  4:47  Drone x2  
  70  4:49  Pneumatized Carapace, Extractor, Overlord  
  70  4:51  Drone x2  
  74  4:57  Extractor  
  74  4:58  Extractor  
  74  4:59  Drone  
  73  5:01  Drone, Overlord  
  74  5:09  Drone x2  
  74  5:13  Evolution Chamber  
  75  5:15  Zergling x6  
  75  5:17  Overlord  
  75  5:18  Extractor  
  78  5:21  Hatchery  
  78  5:22  Drone x2  
  78  5:25  Overlord  
  78  5:26  Overseer  
  78  5:28  Glial Reconstitution  
  78  5:29  Queen  
  78  5:31  Roach x3  
  86  5:36  Roach x3  
  86  5:39  Roach  
  96  5:43  Overlord  
  96  5:55  Roach x7  
  110  5:59  Overlord  
  110  6:03  Roach x4  
  118  6:10  Roach x4  
  122  6:13  Roach x2, Spine Crawler  
  122  6:14  Overlord  
  122  6:18  Ravager x2  
  127  6:19  Roach  
  127  6:21  Roach x2  
  129  6:28  Roach  
  116  6:33  Roach x2  
  116  6:36  Roach x3  
  116  6:37  Roach  
  122  6:43  Roach x2  
  122  6:44  Roach  
  121  6:48  Roach  
  121  6:52  Roach x2  
  123  6:55  Roach  
  123  7:00  Roach x2  
  115  7:06  Roach  
  115  7:07  Roach x2  
  117  7:11  Roach  
  117  7:12  Roach  
  117  7:15  Roach  
  117  7:16  Roach  
  117  7:17  Roach x2  
  117  7:20  Roach  
  110  7:24  Roach x2  
  110  7:27  Roach x2  
  104  7:34  Drone x3  
  105  7:37  Drone x2  
  105  7:39  Drone  
  105  7:43  Queen  
  110  7:45  Drone  
  110  7:49  Drone x2  
  113  7:55  Roach x2  
  117  8:00  Roach  
  117  8:05  Roach x2  
  123  8:07  Queen, Ravager x2  
  123  8:08  Roach  
  123  8:09  Zergling x2  
  123  8:12  Roach  
  134  8:13  Roach  
  134  8:15  Roach  
  134  8:18  Roach  
  138  8:20  Overlord  
  138  8:22  Roach  
  138  8:24  Roach  
  142  8:32  Roach x2  
  146  8:34  Extractor  
  146  8:36  Overlord  
  146  8:39  Zerg Missile Weapons Level 2  
  141  8:42  Overlord  
  141  8:44  Roach  
  141  8:47  Drone  
  144  8:52  Roach  
  144  8:55  Overlord  
  146  8:56  Queen  
  146  8:59  Ravager x2  
  146  9:01  Drone x3  
  146  9:02  Drone x2  
  155  9:03  Drone  
  158  9:12  Drone  
  158  9:15  Drone x2  
  160  9:18  Drone x2  
  160  9:19  Drone  
  163  9:28  Hatchery, Roach x3  
  168  9:38  Overlord  
  166  9:39  Roach x2  
  166  9:41  Burrow  
  166  9:42  Overlord  
  170  9:47  Overlord x2  
  170  9:54  Overlord  
  170  9:59  Roach x3, Ravager x2  
  178  10:06  Roach x7  
  190  10:10  Extractor  
  190  10:12  Roach x4  
  197  10:18  Overlord  
  192  10:22  Roach x3  
  191  10:31  Roach x2  
  191  10:33  Roach x3  
  191  10:35  Roach  
Tags
 
Add a new tag
Caveats
  • Supply blocks, unpowered buildings, or Contaminate may cause inaccurate times.
  • Supply counts are checked every 10 seconds.